Unix NetHack Version 5.0.0-0 post-release - last build May 31 2026 23:59:36 (970b52f25bf058293b47ddfd14a1e40e571c508c,branch:main).

Game began 2026-06-06 13:02:25, ended 2026-06-06 13:20:06.

Felix1, neutral male human Barbarian

                      ----
                     --..--                                          ----
                   ---....---    ----                    --  --      |..--
                   |........|    |..|      ----        ---.---.-- ----...|
    -----          |.--..--.|    |..-----  |..--       |........---......-- --
    |...|         -----...|------ -.....-----..|       -.........`........--.--
    |...|         |.....|.|  |..--|......|...>.|          |.[.................|
   --...--        |.----|.|  |....|.^--..|.---.|           -..........<......-
   |.....---    ---.|   |.|  ---....-|.....| |.|           ---.r..:.........--
   --......|   --...|   |.--   |-....|.|..----.|             ---.dddd.......|
 ----......-- --..---   |..|   |.....|.|--- |..|           ----|.%@d........-
--.|........---...|     --.|   |.---...|    |.-|         ---..--.d%d....|..*.-
|..............."--      |.--  |.|-....|   --..|    ------.............---....|
|...............-- ----  |..|  |.|.....-   |...--- --.--..............--   ..--
---.............|  |..-----.|---.|.|....|  |.....---..................|    ..|
  -----.........----....| |.--..^|.|--..|  |......|..................--    ---
      --................| |........| ----  |.........[...............|
       --............---- |......---       |....----..|..---....---..|
        --.|.......---    ---....|         ------  ------- ---.-- --.|
         ----.--.*--        ---..|                           ---   ---
            -------           ----
Felix1 the Pillager        St:18/02 Dx:15 Co:18 In:8 Wi:7 Ch:9  Neutral
Dlvl:4  $:298 HP:0(54) Pw:12(12) AC:7  Xp:5 T:1881 

Latest messages:
 You feel feverish.
 The jackal bites!
 The jackal bites!
 The jackal bites!
 The werejackal summons help!
 A jackal suddenly appears next to you!
 A jackal suddenly appears next to you!
 A jackal suddenly appears next to you!
 A jackal suddenly appears close by!
 A coyote suddenly appears close by!
 The werejackal bites!
 You miss the werejackal.
 The jackal bites!
 The jackal bites!
 The jackal bites!
 The jackal bites!
 The jackal misses!
 The jackal bites!
 The jackal misses!
 The werejackal bites!
 You kill the jackal!
 The jackal bites!
 The jackal bites!
 The jackal bites!
 The jackal misses!
 The jackal bites!
 The jackal bites!
 The werejackal bites!
 You kill the werejackal!
 The jackal bites!
 The jackal bites!
 The jackal bites!
 The jackal bites!
 The jackal just misses!
 The jackal misses!
 The jackal bites!
 You kill the jackal!
 The coyote misses!
 The jackal bites!
 The jackal bites!
 The jackal bites!
 The jackal bites!
 The jackal bites!
 The jackal bites!
 You kill the coyote!
 The jackal bites!
 The jackal bites!
 The jackal bites!
 You die...
 Do you want your possessions identified? [ynq] (y) q

Inventory:
 Coins    ('$')
  $ - 298 gold pieces
 Weapons  (')')
  z - 8 cursed +0 crossbow bolts
  D - 11 poisoned +0 crossbow bolts
  A - a +0 crossbow
  C - a +0 crossbow
  u - a blessed rustproof +0 dagger
  j - a +0 dagger
  a - a +0 battle-axe (weapon in hands)
  b - a +0 short sword (alternate weapon; not wielded)
 Armor    ('[')
  c - a blessed +0 ring mail (being worn)
 Comestibles  ('%')
  e - an uncursed slime mold
  k - an uncursed cram ration
  d - 5 uncursed food rations
  i - an uncursed tin of soup made from red mold
 Scrolls  ('?')
  y - a cursed scroll of enchant armor
  l - a cursed scroll of gold detection
  h - an uncursed scroll of identify
 Spellbooks  ('+')
  m - an uncursed spellbook of haste self
 Potions  ('!')
  v - an uncursed potion of sickness
  E - an uncursed potion of water
 Wands    ('/')
  H - a wand of cold (0:6)
  x - a wand of magic missile (0:8)
  G - a wand of striking (0:4)
 Tools    ('(')
  B - a cursed can of grease (0:16)
  F - an uncursed mirror
  t - a +0 pick-axe
 Gems/Stones  ('*')
  s - 2 uncursed amber stones
  w - an uncursed worthless piece of red glass
  r - an uncursed worthless piece of violet glass
  q - 2 uncursed worthless pieces of white glass

Felix1 the Barbarian's attributes:

Background:
 You were a Pillager, a level 5 male human Barbarian.
 You were neutral, nominally on a mission for Crom
 who was opposed by Mitra (lawful) and Set (chaotic).
 You were left-handed.
 You were in the Gnomish Mines, on level 4.
 You entered the dungeon 1881 turns ago.
 You had 218 experience points, 102 more were needed to attain level 6.

Basics:
 You had 0 out of 54 hit points.
 You had all 12 energy points (spell power).
 Your armor class was 7.
 Your wallet contained 298 zorkmids.
 Autopickup was off.

Final Characteristics:
 Your strength was 18/02 (limit:18/100).
 Your dexterity was 15 (limit:18).
 Your constitution was 18 (limit:18).
 Your intelligence was 8 (limit:18).
 Your wisdom was 7 (limit:18).
 Your charisma was 9 (limit:18).

Final Status:
 You weren't hungry.
 You were unencumbered.
 You were wielding an axe.
 You had basic skill with axe.

Final Attributes:
 You were devoutly aligned.
 You were poison resistant.
 You were level-drain resistant.
 You were warded.
 Your spell casting was impaired by metallic armor.
 You were a werejackal.
 You were harmed by silver.
 You are dead.

Miscellaneous:
 You didn't encounter any bones levels.
 Total elapsed playing time was 17 minutes and 41 seconds.

Major events:
 Turn
    1: Felix1 the neutral male human Barbarian entered the dungeon
  585: attained the rank of Pillager (level 3)
 1310: entered the Gnomish Mines
 1881: killed by a jackal

Spells:
 Name                 Level Category     Fail Retention
 haste self             3   escape       100%  76%-100%

Skills:
 Fighting Skills
   bare handed combat [Basic]
   two weapon combat  [Unskilled]
   riding             [Unskilled]
 Weapon Skills
   dagger             [Unskilled]
   axe                [Basic]
   pick-axe           [Unskilled]
   short sword        [Basic]
   broadsword         [Unskilled]
   long sword         [Unskilled]
   two-handed sword   [Unskilled]
   saber              [Unskilled]
   club               [Unskilled]
   mace               [Unskilled]
   morning star       [Unskilled]
   flail              [Unskilled]
   hammer             [Unskilled]
   quarterstaff       [Unskilled]
   spear              [Unskilled]
   trident            [Unskilled]
   bow                [Unskilled]
 Spellcasting Skills
   attack spells      [Unskilled]
   escape spells      [Unskilled]

Voluntary challenges:
 Character rerolling was not enabled.
 You were an atheist.
 You never genocided any monsters.
 You never polymorphed an object.
 You never changed form.
 You used no wishes.
Achievements:
 You attained the rank of Pillager.
 You entered a shop.
 You entered the Gnomish Mines.

 The Dungeons of Doom: levels 1 to 3
    Level 1:
    Level 2:
       A scroll shop, a fountain.
    Level 3:
       A potion shop, a fountain.
       Stairs down to The Gnomish Mines.
 The Gnomish Mines:
    Level 4: <- You were here.
       Final resting place for
          you, killed by a jackal.


Vanquished creatures:
  a gnome leader
  3 dwarves
  a werejackal
 an iguana
  a coyote
  a hobbit
  2 manes
  3 giant rats
  3 cave spiders
  a brown mold
  a green mold
  9 gnomes
  a gecko
  8 jackals
  2 foxes
  2 goblins
  6 grid bugs
  3 bats
  3 lichens
  3 newts
55 creatures vanquished.

No species were genocided or became extinct.

Game over:
                       ----------
                      /          \
                     /    REST    \
                    /      IN      \
                   /     PEACE      \
                  /                  \
                  |      Felix1      |
                  |      298 Au      |
                  |   killed by a    |
                  |      jackal      |
                  |                  |
                  |                  |
                  |       2026       |
                 *|     *  *  *      | *
        _________)/\\_//(\/(/\)/\//\/|_)_______

Goodbye Felix1 the Barbarian...

You died in The Gnomish Mines on dungeon level 4 with 1291 points,
and 298 pieces of gold, after 1881 moves.
You were level 5 with a maximum of 54 hit points when you died.

